2257 views
Uploaded 2021-08-24 13:49:59
Game version 1.32.10
29:33 long 1on1 ladder game on (2)Amazonia
Saved by xzz
2257 views
Uploaded 2021-08-24 13:49:59
Game version 1.32.10
29:33 long 1on1 ladder game on (2)Amazonia

31 units @ 3.9k
/ 0.8k
79 buildings @ 9.6k
/ 6.1k

| Scroll of Speed | 6 | 300 |
| Lesser Clarity Potion | 9 | 630 |
| Healing Salve | 5 | 500 |
| Potion of Healing | 2 | 300 |
| Potion of Mana | 1 | 200 |
| Orb of Lightning | 1 | 375 |
| Scroll of Healing | 1 | 250 |
| Potion of Lesser Invulnerability | 3 | 450 |
| Scroll of Protection | 1 | 150 |
| total: | 29 | 3155g |
| Peon | 12 | 900 | / | 0 |
| Troll Batrider | 19 | 3040 | / | 760 |
| total: | 31 | 3940g | / | 760w |
| Watch Tower | 66 | 7260 | / | 5280 |
| Altar of Storms | 1 | 180 | / | 50 |
| Orc Burrow | 6 | 960 | / | 240 |
| Voodoo Lounge | 1 | 130 | / | 30 |
| War Mill | 1 | 205 | / | 0 |
| Barracks | 1 | 180 | / | 50 |
| Great Hall | 1 | 385 | / | 185 |
| Beastiary | 2 | 290 | / | 280 |
| Stronghold | 1 | 315 | / | 190 |
| Fortress | 1 | 325 | / | 190 |
| total: | 79 | 9590g | / | 6115w |
| 0:12 | Peon |
| 0:12 | Peon |
| 0:14 | Altar of Storms |
| 0:16 | Orc Burrow |
| 0:19 | Orc Burrow |
| 0:36 | Peon |
| 0:58 | Peon |
| 1:06 | Voodoo Lounge |
| 1:19 | Peon |
| 1:21 | Peon |
| 1:39 | Peon |
| 2:08 | Stronghold |
| 2:15 | Wind Walk |
| 2:17 | Scroll of Speed |
| 2:18 | Lesser Clarity Potion |
| 2:34 | War Mill |
| 3:17 | Orc Burrow |
| 3:47 | Watch Tower |
| 3:49 | Watch Tower |
| 3:57 | Spiked Barricades |
| 4:38 | Critical Strike |
| 4:51 | Beastiary |
| 5:12 | Beastiary |
| 5:15 | Peon |
| 5:15 | Peon |
| 5:15 | Peon |
| 5:18 | Orc Burrow |
| 5:28 | Healing Salve |
| 5:28 | Lesser Clarity Potion |
| 5:28 | Scroll of Speed |
| 5:42 | Watch Tower |
| 5:44 | Peon |
| 6:34 | Watch Tower |
| 6:36 | Peon |
| 6:42 | Troll Batrider |
| 7:14 | Troll Batrider |
| 7:18 | Orc Burrow |
| 8:13 | Troll Batrider |
| 8:35 | Fortress |
| 8:47 | Lesser Clarity Potion |
| 8:51 | Lesser Clarity Potion |
| 8:56 | Scroll of Speed |
| 9:06 | Healing Salve |
| 9:22 | Troll Batrider |
| 9:37 | Potion of Lesser Invulnerability |
| 9:55 | Troll Batrider |
| 10:10 | Troll Batrider |
| 11:10 | Troll Batrider |
| 11:11 | Liquid Fire |
| 11:16 | Wind Walk |
| 11:23 | Reinforced Defenses |
| 11:26 | Troll Batrider |
| 11:29 | Orc Burrow |
| 11:38 | Lesser Clarity Potion |
| 11:43 | Troll Batrider |
| 11:48 | Lesser Clarity Potion |
| 12:02 | Troll Batrider |
| 12:26 | Potion of Lesser Invulnerability |
| 12:49 | Watch Tower |
| 12:53 | Watch Tower |
| 13:03 | Steel Ranged Weapons |
| 13:09 | Watch Tower |
| 13:16 | Watch Tower |
| 13:21 | Lesser Clarity Potion |
| 13:21 | Scroll of Speed |
| 13:29 | Steel Armor |
| 14:46 | Troll Batrider |
| 15:07 | Troll Batrider |
| 15:11 | Healing Salve |
| 15:11 | Lesser Clarity Potion |
| 15:11 | Scroll of Speed |
| 15:29 | Potion of Healing |
| 15:55 | Potion of Healing |
| 15:56 | Potion of Mana |
| 16:23 | Troll Batrider |
| 16:38 | Lesser Clarity Potion |
| 16:38 | Healing Salve |
| 16:39 | Scroll of Speed |
| 16:54 | Troll Batrider |
| 16:55 | Troll Batrider |
| 17:11 | Potion of Lesser Invulnerability |
| 17:30 | Critical Strike |
| 17:40 | Improved Spiked Barricades |
| 17:43 | Troll Batrider |
| 18:11 | Thorium Ranged Weapons |
| 18:30 | Barracks |
| 19:14 | Troll Batrider |
| 19:16 | Orb of Lightning |
| 19:38 | Watch Tower |
| 19:39 | Watch Tower |
| 19:42 | Watch Tower |
| 19:42 | Watch Tower |
| 19:43 | Watch Tower |
| 19:44 | Watch Tower |
| 19:45 | Watch Tower |
| 19:47 | Watch Tower |
| 20:23 | Watch Tower |
| 20:50 | Troll Regeneration |
| 20:55 | Watch Tower |
| 21:01 | Watch Tower |
| 21:01 | Watch Tower |
| 21:02 | Watch Tower |
| 21:03 | Watch Tower |
| 21:04 | Watch Tower |
| 21:07 | Watch Tower |
| 21:08 | Watch Tower |
| 21:13 | Watch Tower |
| 21:15 | Watch Tower |
| 21:47 | Watch Tower |
| 21:59 | Great Hall |
| 22:25 | Thorium Armor |
| 22:44 | Troll Batrider |
| 25:13 | Watch Tower |
| 25:42 | Healing Salve |
| 25:53 | Scroll of Healing |
| 26:02 | Scroll of Protection |
| 26:39 | Arcanite Armor |
| 27:06 | Wind Walk |
| 27:34 | Troll Batrider |
| 27:35 | Arcanite Ranged Weapons |
| 27:42 | Watch Tower |
| 27:47 | Watch Tower |
| 28:06 | Watch Tower |
| 28:11 | Watch Tower |
| 28:14 | Watch Tower |
| 28:15 | Watch Tower |
| 28:16 | Watch Tower |
| 28:17 | Watch Tower |
| 28:18 | Watch Tower |
| 28:20 | Watch Tower |
| 28:21 | Watch Tower |
| 28:22 | Watch Tower |
| 28:22 | Watch Tower |
| 28:24 | Watch Tower |
| 28:25 | Watch Tower |
| 28:26 | Watch Tower |
| 28:27 | Watch Tower |
| 28:28 | Watch Tower |
| 28:29 | Watch Tower |
| 28:29 | Watch Tower |
| 28:30 | Watch Tower |
| 28:31 | Watch Tower |
| 28:32 | Watch Tower |
| 28:33 | Watch Tower |
| 28:33 | Watch Tower |
| 28:35 | Watch Tower |
| 28:36 | Watch Tower |
| 28:37 | Watch Tower |
| 28:37 | Watch Tower |
| 28:38 | Watch Tower |
| 28:39 | Watch Tower |
| 28:41 | Watch Tower |
| 28:42 | Watch Tower |
| 28:43 | Watch Tower |
| 28:45 | Watch Tower |
| 28:45 | Watch Tower |
| 28:49 | Watch Tower |
| Right click | 1082 |
| Select | 413 |
| Build/train/purchase | 172 |
| Select group | 52 |
| Assign group | 16 |
| Use ability | 15 |
| Chat | 13 |
| Misc. action | 6 |
| Esc | 4 |
| Item give/drop | 1 |
24 units @ 3.9k
/ 0.4k
17 buildings @ 2k
/ 0.8k


| Scroll of Regeneration | 2 | 200 |
| Potion of Healing | 1 | 150 |
| Dust of Appearance | 1 | 75 |
| total: | 4 | 425g |
| Peasant | 8 | 600 | / | 0 |
| Footman | 1 | 135 | / | 0 |
| Rifleman | 10 | 2050 | / | 300 |
| Priest | 2 | 270 | / | 20 |
| Sorceress | 1 | 155 | / | 20 |
| Goblin Shredder | 1 | 375 | / | 100 |
| Ogre Mauler | 1 | 300 | / | 0 |
| total: | 24 | 3885g | / | 440w |
| Scout Tower | 3 | 90 | / | 60 |
| Arcane Tower | 2 | 140 | / | 100 |
| Barracks | 1 | 160 | / | 60 |
| Altar of Kings | 1 | 180 | / | 50 |
| Farm | 6 | 480 | / | 120 |
| Blacksmith | 1 | 140 | / | 60 |
| Arcane Vault | 2 | 260 | / | 60 |
| Lumber Mill | 1 | 120 | / | 0 |
| Town Hall | 1 | 385 | / | 205 |
| Arcane Sanctum | 1 | 150 | / | 140 |
| Keep | 1 | 320 | / | 210 |
| Castle | 1 | 360 | / | 210 |
| total: | 17 | 1965g | / | 755w |
| 0:02 | Peasant |
| 0:02 | Peasant |
| 0:06 | Barracks |
| 0:09 | Altar of Kings |
| 0:13 | Farm |
| 0:32 | Peasant |
| 0:49 | Peasant |
| 0:51 | Peasant |
| 1:03 | Peasant |
| 1:13 | Farm |
| 1:24 | Footman |
| 1:47 | Scout Tower |
| 1:56 | Peasant |
| 2:00 | Blacksmith |
| 2:19 | Arcane Tower |
| 2:53 | Thunder Clap |
| 3:03 | Rifleman |
| 3:03 | Rifleman |
| 3:39 | Farm |
| 3:46 | Arcane Vault |
| 3:48 | Black Gunpowder |
| 5:00 | Rifleman |
| 5:03 | Arcane Vault |
| 5:26 | Rifleman |
| 5:37 | Studded Leather Armor |
| 6:39 | Scout Tower |
| 6:40 | Scout Tower |
| 6:43 | Peasant |
| 6:51 | Rifleman |
| 6:59 | Keep |
| 7:27 | Storm Bolt |
| 7:42 | Goblin Shredder |
| 8:12 | Rifleman |
| 8:15 | Arcane Tower |
| 8:20 | Rifleman |
| 8:26 | Scroll of Regeneration |
| 8:30 | Farm |
| 8:55 | Lumber Mill |
| 9:27 | Farm |
| 9:31 | Potion of Healing |
| 9:33 | Scroll of Regeneration |
| 9:39 | Rifleman |
| 9:39 | Long Rifles |
| 9:48 | Arcane Sanctum |
| 9:59 | Rifleman |
| 10:13 | Farm |
| 10:21 | Refined Gunpowder |
| 11:05 | Priest |
| 11:05 | Priest |
| 11:37 | Sorceress |
| 11:51 | Improved Masonry |
| 12:02 | Dust of Appearance |
| 12:10 | Storm Bolt |
| 12:46 | Rifleman |
| 12:49 | Brilliance Aura |
| 13:03 | Castle |
| 13:05 | Reinforced Leather Armor |
| 13:23 | Ogre Mauler |
| 14:10 | Blizzard |
| 14:26 | Town Hall |
| 15:17 | Thunder Clap |
| Right click | 1015 |
| Select group | 655 |
| Select | 408 |
| Build/train/purchase | 66 |
| Assign group | 15 |
| Misc. action | 14 |
| Use ability | 14 |
| Chat | 7 |
| Esc | 4 |
| Item give/drop | 2 |
| Remove unit | 2 |